Map: Reclamation LE

Players

Nyck

  • Race: Terran Terran
  • Spawn Location: 12:00

Ekelpack

  • Race: Zerg Zerg
  • Spawn Location: 11:00

SimL - Winner!

  • Race: Terran Terran
  • League: Bronze
  • Spawn Location: 6:00

Dzhiugimonas - Winner!

  • Race: Terran Terran
  • League: Platinum
  • Spawn Location: 5:00

VOD

Have the link to the VOD?

Description

Time

  • Played on: Oct. 2, 2024, 12:36 p.m.
  • Length: 21:52
Show
View Real Time Build Order
Export as new Build Order

Nyck Terran 

Build Orders: Reaper Expand 

Get SALT Encoding   

  12  0:01  SCV  
  13  0:13  SCV  
  14  0:19  Supply Depot  
  14  0:25  SCV  
  15  0:41  SCV  
  15  0:42  Barracks  
  16  0:50  Refinery  
  16  0:53  SCV  
  17  1:00  Refinery  
  17  1:05  SCV  
  18  1:17  SCV  
  19  1:29  Orbital Command  
  19  1:30  Reaper  
  19  1:32  Supply Depot  
  20  2:04  Command Center  
  21  2:08  SCV  
  21  2:11  Marine  
  22  2:20  SCV  
  23  2:28  Marine  
  24  2:32  SCV  
  25  2:44  SCV  
  26  2:54  Marine  
  26  2:57  SCV  
  27  3:09  SCV  
  27  3:12  Marine  
  29  3:16  Command Center  
  29  3:17  Orbital Command  
  29  3:21  SCV  
  29  3:25  Bunker  
  30  3:30  Marine  
  30  3:33  SCV  
  32  3:45  SCV x2  
  34  3:57  SCV x2  
  36  4:04  Refinery  
  36  4:09  SCV x2  
  38  4:12  Refinery  
  38  4:13  Marine  
  39  4:21  SCV x2  
  41  4:36  SCV x2  
  43  4:46  Factory  
  43  5:11  SCV x2  
  41  5:23  SCV x2  
  38  5:32  Engineering Bay  
  34  5:38  Starport  
  23  5:50  SCV  
  23  5:51  SCV x2  
  23  6:03  SCV  
  16  6:15  SCV x3  
  11  6:26  Factory Tech Lab  
  11  6:27  SCV x3  
  14  6:39  SCV x3  
  10  6:51  SCV x2  
  11  7:00  SCV  
  8  7:03  SCV x2  
  8  7:07  Missile Turret  
  8  7:14  SCV  
  6  7:15  SCV  
  6  7:16  SCV  
  6  7:20  Missile Turret  
  7  7:26  SCV, Missile Turret  
  7  7:28  SCV x2  
  10  7:38  SCV  
  10  7:40  SCV x2  
  13  7:50  SCV  
  14  7:52  SCV x2  
  16  8:02  SCV, Starport Reactor  
  16  8:04  SCV x2  
  19  8:06  Starport  
  19  8:15  SCV  
  19  8:16  SCV  
  19  8:17  Orbital Command  
  21  8:27  SCV  
  22  8:28  SCV  
  23  8:39  SCV, Refinery  
  23  8:40  SCV  
  25  8:42  Refinery  
  25  8:43  SCV  
  26  8:51  SCV  
  26  8:52  SCV  
  26  8:55  SCV  
  29  9:03  SCV  
  29  9:04  SCV  
  29  9:07  SCV  
  32  9:10  Starport Reactor  
  32  9:15  SCV  
  32  9:16  SCV  
  34  9:22  SCV  
  35  9:27  SCV  
  35  9:29  SCV  
  37  9:34  SCV  
  38  9:39  Viking x2  
  42  9:52  Armory  
  42  9:56  SCV  
  42  9:57  SCV x2  
  45  10:12  Viking x4  
  53  10:40  Marine, Armory  
  53  10:42  Viking x2  
  58  10:54  Viking  
  60  10:58  Terran Vehicle And Ship Armor Level 1, Marine  
  60  11:02  Supply Depot  
  61  11:23  SCV x3, Marine, Viking x2  
  61  11:24  Supply Depot  
  69  11:42  SCV x2, Marine, Viking x2  
  75  11:47  Supply Depot  
  75  11:53  Viking  
  73  12:03  Command Center  
  73  12:04  Terran Ship Weapons Level 1  
  73  12:09  SCV x2, Viking  
  73  12:11  Supply Depot  
  77  12:21  SCV x2  
  72  12:25  Siege Tank  
  75  12:33  SCV x2  
  75  12:34  Supply Depot  
  75  12:35  Liberator x2  
  75  12:36  Liberator  
  86  12:51  Terran Vehicle And Ship Armor Level 2  
  86  12:56  SCV x2  
  88  12:58  Supply Depot  
  88  13:01  Terran Infantry Armor Level 1  
  88  13:22  Supply Depot  
  88  13:44  Supply Depot  
  88  13:46  SCV x2  
  90  13:50  Siege Tank  
  93  13:58  SCV x2  
  95  14:06  Supply Depot  
  95  14:16  SCV x2  
  97  14:20  Command Center  
  80  15:01  Terran Infantry Armor Level 2  
  80  15:03  Terran Ship Weapons Level 2  
  80  15:09  Thor  
  80  15:13  Viking  
  88  15:17  Viking x3  
  94  15:22  SCV x2  
  96  15:43  Viking  
  96  15:47  Planetary Fortress, Viking x3  
  96  15:49  Refinery  
  104  15:56  Thor  
  110  15:59  SCV x2  
  110  16:03  Planetary Fortress  
  112  16:11  SCV x2  
  114  16:23  SCV x2  
  116  16:31  Supply Depot  
  116  16:34  Terran Vehicle And Ship Armor Level 3  
  116  16:35  SCV x2  
  116  16:38  Viking x2  
  116  16:39  Thor, Viking x2  
  132  16:43  SCV  
  132  16:46  SCV  
  134  16:47  SCV  
  134  16:51  SCV  
  136  16:55  Supply Depot, SCV  
  136  16:58  SCV  
  136  17:00  SCV  
  139  17:03  SCV  
  139  17:07  SCV  
  141  17:10  SCV  
  141  17:12  SCV, Refinery  
  141  17:15  SCV  
  144  17:17  Supply Depot  
  144  17:19  SCV  
  145  17:22  SCV  
  145  17:23  Terran Ship Weapons Level 3  
  145  17:24  SCV  
  145  17:27  SCV  
  145  17:28  Viking x4  
  156  17:31  SCV  
  156  17:36  Neosteel Armor  
  157  17:40  Supply Depot  
  157  17:47  SCV x4  
  161  17:53  Refinery  
  161  17:59  SCV x4  
  165  18:11  SCV x4  
  111  19:37  Siege Tank  
  113  20:10  Siege Tank  
  116  20:21  Orbital Command  
  116  20:34  Barracks Tech Lab  
  116  20:40  Starport Tech Lab  
  112  20:45  Starport Tech Lab  
  92  20:54  Siege Tank  
Show
View Real Time Build Order
Export as new Build Order

Ekelpack Zerg 

Build Orders: Hatch First 

Get SALT Encoding   

  12  0:00  Drone  
  13  0:12  Overlord  
  13  0:17  Drone  
  14  0:31  Drone  
  14  0:32  Drone  
  17  0:35  Drone  
  17  0:56  Hatchery  
  16  0:58  Drone  
  17  1:09  Spawning Pool  
  16  1:12  Drone  
  16  1:16  Extractor  
  16  1:20  Drone  
  16  1:24  Drone  
  18  1:31  Drone  
  19  1:41  Overlord  
  19  1:54  Drone  
  20  1:59  Queen  
  22  2:04  Drone  
  22  2:07  Queen  
  25  2:15  Drone  
  25  2:16  Drone  
  25  2:20  Drone  
  28  2:26  Drone  
  29  2:33  Drone, Extractor  
  29  2:34  Drone  
  30  2:38  Lair  
  30  2:47  Drone x2  
  30  2:50  Queen  
  34  2:54  Drone x2  
  36  3:06  Overlord  
  36  3:11  Metabolic Boost  
  36  3:16  Drone, Extractor  
  36  3:26  Drone x4  
  36  3:27  Drone x3  
  44  3:34  Drone  
  44  3:35  Overlord  
  44  3:41  Spire  
  43  3:44  Extractor  
  40  4:05  Drone x5  
  40  4:06  Overlord  
  38  4:38  Queen  
  37  4:41  Drone x2  
  37  4:42  Drone x6  
  44  4:54  Zerg Flyer Weapons Level 1  
  44  5:06  Drone x2  
  45  5:07  Drone x3  
  47  5:15  Spine Crawler  
  46  5:34  Drone x2, Mutalisk x3  
  51  5:46  Mutalisk  
  51  5:47  Mutalisk  
  53  6:10  Zergling x8  
  53  6:11  Zergling x4  
  57  6:23  Corruptor  
  49  6:40  Corruptor x2  
  49  6:44  Drone x3  
  52  6:55  Mutalisk  
  52  6:57  Zergling x2  
  55  7:20  Corruptor x2  
  55  7:22  Overlord x2  
  59  7:29  Hatchery  
  58  7:34  Corruptor  
  60  7:37  Zerg Flyer Weapons Level 2  
  60  7:46  Overlord x2  
  60  8:06  Drone x6  
  66  8:19  Mutalisk x3  
  72  8:32  Mutalisk x3  
  72  8:33  Mutalisk  
  80  8:35  Extractor  
  80  8:39  Extractor  
  78  8:52  Drone x2  
  78  8:53  Overlord  
  78  8:54  Overlord x2  
  80  8:59  Drone x2  
  82  9:08  Mutalisk x7  
  96  9:26  Drone  
  96  9:27  Drone  
  96  9:31  Drone x6  
  104  9:42  Mutalisk x2  
  104  9:43  Mutalisk  
  110  9:51  Mutalisk  
  110  9:52  Mutalisk x5  
  116  9:53  Zerg Flyer Armor Level 1  
  116  9:55  Overlord  
  65  10:34  Mutalisk x3  
  65  10:35  Mutalisk x6  
  71  10:52  Zergling x4  
  71  10:53  Zergling x2  
  74  11:07  Spine Crawler  
  74  11:10  Mutalisk x6  
  85  11:22  Zergling x6  
  88  11:34  Zergling x2  
  88  11:35  Zergling x14  
  88  11:36  Zergling x2  
  97  11:58  Zergling x2, Mutalisk x5  
  97  11:59  Overlord  
  108  12:03  Zerg Flyer Armor Level 2  
  108  12:08  Infestation Pit  
  107  12:11  Drone  
  107  12:13  Zergling x6  
  107  12:14  Zergling x6  
  114  12:20  Evolution Chamber  
  113  12:34  Overlord x2  
  113  12:35  Mutalisk x4  
  113  12:36  Mutalisk  
  123  12:52  Zergling x2  
  123  12:53  Zergling x12, Overlord  
  123  12:54  Overlord  
  126  13:13  Corruptor x4  
  100  13:35  Corruptor x4  
  100  13:36  Corruptor  
  100  13:40  Zerg Melee Weapons Level 1  
  110  13:50  Queen  
  112  14:00  Hive  
  112  14:08  Neural Parasite  
  72  14:42  Corruptor x6  
  72  14:43  Corruptor x6  
  90  14:58  Corruptor  
  92  15:00  Zergling x4  
  92  15:01  Zergling x10  
  99  15:41  Ultralisk Cavern  
  99  15:42  Zerg Melee Weapons Level 2  
  98  15:45  Zergling x6  
  98  15:46  Adrenal Glands  
  101  15:52  Overlord x2  
  101  15:53  Zergling x2  
  101  15:54  Zergling x12  
  101  15:55  Zergling x2  
  109  16:01  Hatchery  
  108  16:11  Zergling x6  
  108  16:12  Zergling x10  
  108  16:13  Zergling x10  
  121  16:21  Unknown  
  120  16:30  Ultralisk x2  
  132  16:50  Chitinous Plating  
  132  17:10  Ultralisk x3  
  150  17:32  Overlord x2  
  150  17:35  Ultralisk  
  156  17:55  Ultralisk x2  
  106  18:44  Zergling x10  
  106  18:45  Zergling x8  
  121  18:55  Ultralisk  
  121  18:56  Ultralisk x3  
  63  19:27  Zergling x8  
  63  19:28  Zergling x8  
  71  20:22  Hatchery  
  71  20:28  Anabolic Synthesis  
  70  20:35  Zergling x2, Ultralisk x5  
Show
View Real Time Build Order
Export as new Build Order

SimL Terran - Winner!

Build Orders: 2 Factory, Hellion Opening 

Get SALT Encoding   

  12  0:00  SCV  
  13  0:12  SCV  
  14  0:17  Supply Depot  
  14  0:27  Refinery  
  14  0:29  SCV  
  15  0:41  Barracks  
  15  0:45  SCV  
  16  0:58  Supply Depot  
  16  1:00  SCV  
  17  1:12  SCV  
  18  1:28  Orbital Command  
  18  1:33  Factory  
  18  1:46  Supply Depot  
  18  1:52  Barracks Reactor  
  18  1:55  SCV  
  19  2:07  SCV  
  20  2:09  Supply Depot  
  20  2:29  Factory  
  20  2:32  SCV  
  20  2:36  Supply Depot  
  21  2:37  Hellion x2  
  21  2:41  Marine  
  26  2:45  SCV  
  25  2:59  Marine  
  26  3:07  SCV, Hellion x2  
  31  3:17  Marine  
  31  3:19  SCV  
  33  3:28  Hellion  
  33  3:29  Hellion  
  37  3:35  Marine  
  37  3:38  SCV  
  39  3:50  SCV, Hellion x2  
  39  3:52  Marine  
  43  3:56  Hellion  
  43  4:11  Hellion x2  
  47  4:18  Hellion  
  43  4:33  Hellion x2  
  41  4:39  Hellion  
  38  4:54  Hellion x2  
  38  5:00  Hellion  
  36  5:15  Hellion  
  36  5:16  Hellion  
  40  5:22  Hellion  
  38  5:37  Hellion x2  
  40  5:43  Hellion  
  40  5:44  Marine  
  39  5:58  Hellion x2  
  39  6:02  Marine  
  38  6:12  Engineering Bay  
  38  6:16  Hellion  
  38  6:17  SCV  
  39  6:20  Hellion, Command Center  
  41  6:28  Starport  
  35  6:42  Cyclone x2  
  35  6:44  Factory Reactor  
  35  6:45  Barracks Tech Lab  
  39  6:48  Missile Turret  
  39  6:50  Missile Turret  
  39  6:53  Missile Turret  
  39  6:54  Missile Turret  
  39  7:00  Supply Depot  
  39  7:05  Hi-Sec Auto Tracking  
  39  7:13  Refinery  
  39  7:14  Starport Reactor  
  39  7:15  Starport  
  39  7:27  Cyclone x2  
  39  7:28  SCV  
  44  7:36  Stimpack  
  44  7:40  SCV  
  45  7:50  SCV, Barracks  
  46  7:59  SCV  
  46  8:02  SCV, Terran Infantry Armor Level 1  
  48  8:11  Viking  
  51  8:12  SCV  
  51  8:14  SCV  
  51  8:16  Refinery  
  51  8:17  Refinery  
  52  8:20  Command Center  
  52  8:27  Widow Mine  
  52  8:28  SCV x2, Barracks, Widow Mine x2  
  52  8:30  Barracks  
  60  8:38  Medivac  
  62  8:58  Viking  
  62  8:59  Viking  
  62  9:00  SCV  
  62  9:01  SCV, Marine x2  
  70  9:15  Barracks  
  70  9:16  Armory  
  70  9:18  Marine  
  70  9:19  Barracks  
  70  9:20  Orbital Command  
  71  9:25  Marine x2  
  71  9:26  Marine  
  74  9:31  Refinery  
  74  9:36  Marine, Refinery  
  74  9:37  SCV  
  76  9:43  Marine x3  
  79  9:54  Marine  
  79  10:01  Marine x3  
  82  10:09  SCV  
  82  10:12  Marine  
  82  10:19  Marine x3  
  68  10:30  Marine  
  63  10:37  Marine x3  
  63  10:39  Viking  
  66  10:48  Marine  
  67  10:54  Marine x2  
  67  10:55  Marine  
  70  11:01  Combat Shield  
  70  11:05  Terran Infantry Weapons Level 1, Marine  
  70  11:07  Barracks Reactor  
  70  11:09  Factory Tech Lab  
  71  11:12  Marine x3  
  71  11:17  SCV  
  75  11:23  Marine  
  76  11:30  Marine x3  
  79  11:37  Medivac x2  
  83  11:41  Marine  
  83  11:46  Marine  
  85  11:48  Marine x3  
  85  11:51  Medivac  
  90  11:55  Marine  
  90  11:59  Marine  
  90  12:00  SCV  
  93  12:25  Supply Depot x2  
  93  12:27  Supply Depot  
  93  12:32  Planetary Fortress  
  93  12:42  Marine x2  
  93  12:43  Marine  
  93  12:45  Marine x2  
  93  12:46  SCV x2, Marine, Medivac x3  
  102  12:58  SCV  
  102  13:00  Marine x2  
  102  13:01  SCV, Marine  
  102  13:02  Marine x2  
  102  13:04  Marine  
  110  13:08  Supply Depot  
  110  13:10  Supply Depot  
  110  13:12  Supply Depot  
  110  13:16  Medivac x2  
  110  13:18  Marine x3  
  117  13:20  Marine x2  
  117  13:22  Marine  
  74  13:36  Marine x3  
  74  13:38  Marine x2  
  74  13:39  Thor, Marine  
  74  13:40  SCV x2  
  88  13:46  Missile Turret  
  88  13:54  Marine x2  
  90  13:56  Marine x2  
  92  14:11  Marine  
  92  14:12  Marine, Terran Vehicle Weapons Level 1  
  92  14:13  Factory Tech Lab  
  92  14:14  Marine x2  
  92  14:15  Terran Infantry Armor Level 2  
  92  14:16  Armory  
  96  14:19  Marine x3  
  96  14:22  Thor  
  96  14:23  Medivac x2  
  96  14:24  SCV, Marine x2  
  110  14:29  Marine  
  110  14:30  Supply Depot, Marine  
  114  14:32  Marine  
  114  14:34  Marine  
  114  14:37  Marine x3  
  119  14:41  Marine  
  119  14:42  Marine  
  121  14:47  Marine  
  121  14:49  Marine x2  
  121  14:52  Marine  
  125  14:54  Supply Depot, Thor  
  125  14:55  SCV  
  132  15:05  SCV, Thor  
  132  15:06  SCV  
  140  15:18  Marine x2  
  140  15:20  SCV x2  
  144  15:26  Terran Vehicle And Ship Armor Level 1  
  144  15:28  Command Center  
  144  15:40  Thor  
  144  15:41  Marine x2  
  144  15:42  SCV x2, Marine, Factory  
  155  15:46  Factory  
  155  16:01  Supply Depot  
  155  16:02  Marine x2  
  157  16:11  Terran Vehicle Weapons Level 2  
  157  16:23  SCV x2, Thor  
  157  16:24  Supply Depot  
  165  16:29  Factory Tech Lab  
  165  16:30  Terran Infantry Weapons Level 2, Factory Tech Lab  
  165  16:37  Supply Depot  
  165  16:39  Thor  
  172  16:40  SCV  
  172  16:43  Supply Depot  
  172  16:46  Marine x3  
  175  16:47  Supply Depot  
  175  16:48  SCV x2  
  175  16:49  SCV  
  178  17:01  Supply Depot  
  178  17:05  Marine x3, Thor  
  178  17:06  Supply Depot  
  187  17:09  Orbital Command  
  187  17:10  SCV x2  
  189  17:22  Thor  
  195  17:34  SCV x2  
  197  17:42  Terran Vehicle And Ship Armor Level 2  
  197  17:43  Supply Depot  
  197  17:52  Marine x2, Command Center  
  197  17:53  SCV  
  200  18:06  Supply Depot  
  200  18:08  Refinery  
  200  18:21  Command Center  
  194  18:27  Thor  
  194  18:28  Marine x2  
  194  18:32  Refinery  
  186  18:34  Marine  
  186  18:35  Marine  
  188  18:44  Thor x2  
  195  19:07  Thor  
  195  19:08  Marine x5  
  180  19:10  Thor  
  179  19:18  Medivac x3  
  179  19:20  Marine x2  
  183  19:27  Thor x2  
  174  19:37  Marine x2  
  172  19:43  Marine  
  172  19:44  SCV  
  174  19:48  Medivac x3  
  174  19:49  Thor  
  186  19:53  Thor  
  192  20:03  Orbital Command  
  192  20:04  Marine x2  
  194  20:09  Marine  
  194  20:11  Marine  
  194  20:13  Marine  
  197  20:15  Marine  
  197  20:16  Marine x2  
  200  20:48  Marine  
  191  20:52  Marine x2  
  191  20:54  Medivac  
  191  20:55  Marine, Medivac x2  
  199  21:07  Marine  
  200  21:28  Marine  
  200  21:31  Marine  
  200  21:32  Marine  
Show
View Real Time Build Order
Export as new Build Order

Dzhiugimonas Terran - Winner!

Build Orders:  

Get SALT Encoding   

  12  0:00  SCV  
  13  0:12  SCV  
  14  0:17  Supply Depot  
  14  0:24  Refinery  
  14  0:28  SCV  
  15  0:36  Refinery  
  15  0:41  SCV  
  16  0:56  Barracks  
  16  1:01  SCV  
  17  1:13  Supply Depot  
  17  1:18  SCV  
  18  1:30  SCV  
  19  1:43  SCV  
  20  1:48  Factory  
  20  1:49  Barracks Tech Lab  
  20  1:55  SCV  
  21  2:08  SCV  
  22  2:16  Supply Depot  
  22  2:21  SCV  
  23  2:36  Starport  
  23  2:42  Siege Tank  
  26  2:49  Orbital Command  
  26  3:13  Fusion Core  
  26  3:26  SCV  
  27  3:33  Supply Depot  
  27  3:42  Factory Tech Lab  
  27  3:43  SCV  
  27  3:45  Starport  
  28  4:00  Battlecruiser  
  34  4:08  SCV  
  35  4:40  Command Center  
  35  4:42  Battlecruiser  
  41  4:55  Widow Mine  
  41  4:59  SCV  
  44  7:03  Battlecruiser x2  
  56  7:30  Orbital Command  
  56  7:32  Factory Reactor  
  56  7:37  Refinery  
  56  7:40  Refinery  
  56  7:54  SCV, Engineering Bay  
  57  8:07  SCV  
  58  8:15  Supply Depot  
  58  8:17  Supply Depot  
  58  8:19  Widow Mine x2  
  62  8:29  Missile Turret  
  62  8:31  Supply Depot  
  62  8:37  SCV x2, Battlecruiser  
  62  8:39  Weapon Refit  
  70  8:49  SCV x2  
  72  8:58  Battlecruiser  
  72  9:01  SCV x2  
  80  9:11  Missile Turret  
  80  9:13  SCV  
  80  9:14  Supply Depot  
  80  9:16  Widow Mine x2  
  85  9:31  SCV  
  85  9:32  SCV  
  87  9:44  SCV x2  
  55  10:59  SCV x2  
  55  11:02  Cyclone x2  
  67  11:04  Battlecruiser  
  67  11:05  Battlecruiser, Command Center  
  67  11:08  Armory  
  67  11:10  Armory  
  73  11:11  SCV x2  
  75  11:23  SCV  
  75  11:24  SCV  
  77  11:26  Command Center  
  77  11:28  Starport  
  77  11:30  Starport  
  76  11:48  Cyclone x2  
  79  12:01  Terran Ship Weapons Level 1  
  79  12:02  Terran Vehicle And Ship Armor Level 1  
  79  12:06  Missile Turret  
  79  12:07  Starport Tech Lab x2  
  79  12:08  Battlecruiser, Missile Turret  
  85  12:09  Battlecruiser  
  91  12:27  Cyclone x2  
  91  12:29  Viking x2  
  99  12:59  Viking  
  101  13:18  Supply Depot, Viking x2  
  101  13:19  Supply Depot, Widow Mine x2  
  109  13:21  Supply Depot  
  109  13:22  Viking  
  103  13:34  Viking  
  103  13:40  Widow Mine x2  
  109  13:48  Missile Turret, Viking x2  
  109  13:49  SCV x2  
  109  13:50  Missile Turret  
  109  13:52  Viking  
  117  14:01  SCV x2  
  119  14:04  Viking  
  121  14:18  Sensor Tower, Viking  
  73  14:53  Viking x4  
  73  14:55  Cyclone  
  83  15:11  Command Center  
  83  15:23  Viking x4  
  83  15:26  Refinery  
  91  15:30  Refinery  
  91  15:37  Missile Turret  
  91  15:41  Missile Turret  
  91  15:43  Cyclone  
  93  16:08  Command Center  
  93  16:11  SCV  
  93  16:12  SCV  
  95  16:31  SCV x2  
  95  16:32  Barracks  
  97  16:33  Planetary Fortress  
  97  16:41  Viking  
  97  16:42  Viking  
  101  17:00  Viking x2  
  105  17:03  Cyclone x2  
  109  17:19  Planetary Fortress  
  109  17:24  Missile Turret  
  109  17:35  Missile Turret  
  109  17:36  Refinery  
  109  17:38  Refinery  
  109  17:40  Terran Ship Weapons Level 2  
  109  17:41  Terran Vehicle And Ship Armor Level 2  
  109  17:54  Viking x3  
  115  18:02  Viking  
  93  18:59  Viking x4  
  73  19:20  Cyclone  
  73  19:21  Cyclone  
  73  19:29  Liberator x4  
  79  19:51  Barracks Tech Lab  
  79  19:52  Starport  
  79  19:55  Starport  
  79  20:24  Liberator x3  
  79  20:25  Liberator  
  91  21:01  Starport Tech Lab x2  
  87  21:08  Starport  
  87  21:11  Barracks Reactor  
Tags
 
Add a new tag
Caveats
  • Supply blocks, unpowered buildings, or Contaminate may cause inaccurate times.
  • Supply counts are checked every 10 seconds.